 Dungeon Crawl Stone Soup version 0.31-a0-971-g75a2e9a4b4 (webtiles) character file.

Game seed: 10049773425653320760

1365 Arzdou the Mimic (level 8, 0/50 HPs)
             Began as an Octopode Shapeshifter on Oct 28, 2023.
             Was an Initiate of Gozag.
             Slain by a steam dragon (7 damage)
             ... on level 7 of the Dungeon.
             The game lasted 00:11:15 (6319 turns).

Arzdou the Mimic (Octopode Shapeshifter)            Turns: 6319, Time: 00:11:15

Health: 0/50       AC:  1    Str: 15    XL:     8   Next: 65%
Magic:  12/12      EV: 13    Int: 13    God:    Gozag
Gold:   436        SH:  0    Dex: 11    Spells: 11/13 levels left

rFire   . .          .
                       - Unarmed
rCold   . . .        (no shield)
rNeg    . . .        (helmet currently unavailable)
rPois   .            (no amulet)
rElec   .            (no ring)
rCorr   .            (no ring)
SInv    .            (no ring)
Will    .....        (no ring)
Stlth   ++           (no ring)
HPRegen 0.28/turn    (no ring)
MPRegen 0.13/turn    (no ring)
                     (no ring)

%: no passive effects
@: beast-form
A: beast (slay +4), almost no armour, amphibious, 8 rings, camouflage 1,
gelatinous body 1, (nimble swimmer 1), tentacles
a: Begin Untransformation, Renounce Religion, Potion Petition, Call Merchant,
Bribe Branch


You were on level 7 of the Dungeon.
You worshipped Gozag.
Gozag was aware of your devotion.
You were a hulking beast.
You visited 2 branches of the dungeon, and saw 8 of its levels.

You collected 484 gold pieces.
You paid 48 gold pieces to Gozag.

Inventory:

Missiles
 k - 52 stones (quivered)
 l - 2 throwing nets
Jewellery
 n - a ring of ice
 u - a ring of willpower
Talismans
 b - a beast talisman
 c - a flux talisman
 w - a maw talisman
Wands
 h - a wand of acid (8)
 p - a wand of paralysis (10)
Scrolls
 a - a scroll of identify
 g - 2 scrolls of teleportation
 i - 4 scrolls of amnesia
 j - a scroll of noise
 r - a scroll of immolation
 s - a scroll of fog
 t - a scroll of silence {unknown}
 v - a scroll of enchant weapon {unknown}
 z - a scroll of torment
Potions
 d - 2 potions of curing {unknown}
 e - a potion of mutation {unknown}
 f - 2 potions of heal wounds {unknown}
 m - 3 potions of enlightenment
 o - a potion of might {unknown}
 q - a potion of ambrosia {unknown}
 x - a potion of berserk rage {unknown}


   Skills:
 - Level 2.2 Fighting
 - Level 2.8 Dodging
 - Level 3.6 Unarmed Combat
 - Level 3.0 Spellcasting
 - Level 3.1 Transmutations
 + Level 8.1 Shapeshifting


You had 11 spell levels left.
You knew the following spells:

 Your Spells              Type           Power      Damage    Failure   Level
a - Wereblood             Tmut           10%        N/A       10%         2

Your spell library contained the following spells:

 Spells                   Type           Power      Damage    Failure   Level
 Sublimation of Blood     Necr           1%         N/A       34%         2
 Summon Hydra             Summ           0%         N/A       100%        7


Dungeon Overview and Level Annotations

Branches:
Dungeon (7/15)             Temple (1/1) D:5

Altars:
Ashenzari
Cheibriados
Dithmenos
Elyvilon
Fedhas
Gozag
Hepliaklqana
Kikubaaqudgha
Makhleb
Nemelex Xobeh
Okawaru
Qazlal
Ru
Sif Muna
Trog
Uskayaw
Vehumet
Wu Jian
Xom
Yredelemnul
Zin
The Shining One

Annotations:
D:2 exclusion: ogre
D:7 3 runed translucent doors, Syrassil's ghost, novice HuWn


Innate Abilities, Weirdness & Mutations

You are a hulking beast.
Your limbs bulge with bestial killing power. (Slay +4)
You cannot wear most types of armour.
You are amphibious.
You can wear up to eight rings at the same time.
Your skin changes colour to match your surroundings (Stealth+).
Your rubbery body absorbs attacks. (AC +1, EV +1)
((You are camouflaged when in or above water. (Stealth+)))
You have tentacles for arms and can constrict up to eight enemies at once.


Message History

You tentacle-slap the ice beast but do no damage.
You squeeze the ice beast.
The ice beast is severely wounded.
The ice beast barely misses you.
You tentacle-slap the ice beast. You squeeze the ice beast.
You kill the ice beast!
Your Shapeshifting skill increases to level 8!
You start resting.
HP restored.
You now have 436 gold pieces (gained 16).
Throw: 52 stones
Press: ? - help, Q - select action, (/) - cycle Shift-Dir - straight line, f - orc priest
Aim: an orc priest, wielding a +0 short sword and wearing a +0 chain mail (asleep, 98% to hit)
Okay, then.
A steam dragon comes into view.
The helpless steam dragon fails to defend itself.
You bludgeon the steam dragon!
The steam dragon is moderately wounded.
The steam dragon breathes steam at you. The ball of steam hits you!
You closely miss the steam dragon.
The steam dragon is moderately wounded.
You are engulfed in a cloud of scalding steam.
The steam dragon barely misses you. The steam dragon closely misses you.
The steam dragon closely misses you. The steam dragon claws you.
You tentacle-slap the steam dragon but do no damage.
The steam dragon is moderately wounded.
The steam dragon closely misses you. The steam dragon misses you.
You tentacle-slap the steam dragon but do no damage.
Your squeeze misses the steam dragon.
The steam dragon is moderately wounded.
The steam dragon closely misses you. The steam dragon claws you.
You tentacle-slap the steam dragon.
The steam dragon is moderately wounded.
The steam dragon breathes steam at you. The ball of steam hits you!!
* * * LOW HITPOINT WARNING * * *
The steam dragon bites you!
You die...
Your body crumbles into a pile of gold.

..............##.))).## #...#...
....##........#..#.#..#####.##.##
..............#########..##.##..#
............................##...
...............###...###....##..#
................§§§...##......)..
..........#....#§.§....#..##.#.#.
..........##..##.§§.......######.
##.......##..#.hD...........###.
##.#.....##.................#..
####.## #....#...............# #.
#.....##.......>....... ........
...........###.
##.......##........###..
#.................##...
......................#
...............##...


You could see a steam dragon (catching breath).

Vanquished Creatures
  A water moccasin (D:7)
  An ice beast (D:7)
  A sky beast (D:7)
  2 ogres
  A black bear (D:7)
  A centaur (D:6)
  A phantom (D:4)
  A bullfrog (D:5)
  3 scorpions
  5 hounds
  2 jellies (D:7)
  2 iguanas
  3 gnolls
  2 adders
  6 white imps
  2 ufetubi (D:4)
  2 worms (D:2)
  A dart slug (D:2)
  9 orcs
  8 bats
  3 endoplasms
  2 giant cockroaches
  12 goblins
  5 hobgoblins
  A quokka (D:3)
  3 ball pythons
  2 frilled lizards (D:2)
  6 kobolds
  6 rats
94 creatures vanquished.

Notes
Turn   | Place    | Note
-------+----------+-------------------------------------------
     0 | D:1      | Arzdou the Octopode Shapeshifter began the quest for the
                  | Orb.
     0 | D:1      | Reached XP level 1. HP: 13/13 MP: 1/1
   233 | D:1      | Reached XP level 2. HP: 18/18 MP: 2/2
  1188 | D:2      | Reached XP level 3. HP: 23/23 MP: 3/3
  1208 | D:2      | Noticed an ogre
  2032 | D:3      | Found a faded altar of an unknown god.
  2262 | D:4      | Reached XP level 4. HP: 15/29 MP: 4/4
  2409 | D:4      | Noticed an ogre
  2676 | D:4      | Noticed an ogre
  2683 | D:3      | Killed an ogre
  2684 | D:3      | Reached skill level 4 in Shapeshifting
  2684 | D:3      | Reached XP level 5. HP: 34/34 MP: 5/5
  2685 | D:4      | Noticed a phantom
  2875 | D:4      | Killed a phantom
  2876 | D:4      | Reached skill level 5 in Shapeshifting
  2876 | D:4      | Reached XP level 6. HP: 32/39 MP: 6/6
  3034 | D:4      | Found a stormy altar of Qazlal.
  3035 | D:4      | Found a blossoming altar of Fedhas.
  3036 | D:4      | Found an ancient bone altar of Kikubaaqudgha.
  3040 | D:4      | Found a white marble altar of Elyvilon.
  3067 | D:4      | Learned a level 2 spell: Wereblood
  3401 | D:5      | Entered Level 5 of the Dungeon
  3529 | D:5      | Reached skill level 1 in Spellcasting
  3529 | D:5      | Reached skill level 1 in Transmutations
  3529 | D:5      | Reached XP level 7. HP: 42/45 MP: 7/9
  3590 | D:5      | Found a staircase to the Ecumenical Temple.
  3596 | Temple   | Entered the Ecumenical Temple
  3606 | Temple   | Became a worshipper of Gozag Ym Sagoz the Greedy
  4449 | D:6      | Reached skill level 6 in Shapeshifting
  4890 | D:6      | Found a hide-covered altar of Uskayaw.
  5123 | D:6      | Reached XP level 8. HP: 29/50 MP: 12/12
  5650 | D:7      | Found a burning altar of Makhleb.
  5784 | D:7      | Reached skill level 7 in Shapeshifting
  6048 | D:7      | Found a runed translucent gate.
  6049 | D:7      | Found a runed translucent gate.
  6050 | D:7      | Found a runed translucent gate.
  6079 | D:7      | Noticed Syrassil's ghost (novice HuWn)
  6141 | D:7      | Reached skill level 8 in Shapeshifting
  6319 | D:7      | Slain by a steam dragon

Illustrated notes

Levels and vault maps discovered:
D:1:      matt_arrival_grand_opening, layout_loops_corners
D:2:      layout_loops_ring
D:3:      layout_basic, hellmonk_ecumenical_altar_leap_of_faith
D:4:      layout_basic, nicolae_overflow_macrodata_refinement
D:5:      layout_loops_ring, minmay_temple_entry_hall, minmay_stone_trees_small
D:6:      layout_basic, mainiacjoe_overflow_chevrons
D:7:      layout_cave_pools, overflow_temple_1_default,
          gammafunk_ghost_necromancy
Temple:   nicolae_temple_slightly_damp_pantheon

Skill      XL: |  1  2  3  4  5  6  7  8 |
---------------+-------------------------+-----
Fighting       | 2 |  2.2
Shapeshifting  | 4 5 6 8 |  8.1
Spellcasting   | 1 3 |  3.0
Transmutations | 1 3 |  3.1
Dodging        | |  2.8
Unarmed Combat | |  3.6

Action                     |  1- 3 |  4- 6 |  7- 9 || total
---------------------------+-------+-------+-------++-------
  Melee: Unarmed           |    78 |    55 |    95 ||   228
         Constrict         |    19 |     7 |    20 ||    46
         Tentacles         |    15 |    12 |    19 ||    46
         Punch             |       |     3 |     2 ||     5
  Throw: Stone             |     2 |     2 |       ||     4
  Evoke: Wand              |     1 |     1 |     1 ||     3
    Use: Scroll            |     2 |       |     7 ||     9
         Potion            |       |       |     2 ||     2
   Stab: Sleeping          |    10 |     2 |     3 ||    15
         Paralysed         |     5 |     7 |     1 ||    13
         Distracted        |     1 |       |       ||     1
 Armour: Skin              |    28 |    28 |    58 ||   114
  Dodge: Dodged            |    31 |    39 |    50 ||   120

Table legend: (Time is in decaauts)
 A = Elapsed time spent in this place.
 B = Non-inter-level travel time spent in this place.
 C = Inter-level travel time spent in this place.
 D = Time resting spent in this place.
 E = Time spent auto-exploring this place.
 F = Levels seen in this place.
 G = Mean time per level.
                   A        B        C        D        E       F      G
               +--------+--------+--------+--------+--------+-----+--------+
         Total |   6305 |   6071 |    234 |    804 |   4402 |   8 |  788.1 |
       Dungeon |   6284 |   6068 |    216 |    804 |   4402 |   7 |  897.7 |
        Temple |     20 |      2 |     18 |      0 |      0 |   1 |   20.0 |
               +--------+--------+--------+--------+--------+-----+--------+

Top non-repeatable levels by time:
     D:6: 1149 daAuts
     D:4: 1025 daAuts
     D:1: 932 daAuts
     D:5: 921 daAuts
     D:3: 790 daAuts
     D:7: 790 daAuts
     D:2: 675 daAuts
  Temple: 20 daAuts
